 Dungeon Crawl Stone Soup version 0.28-a0-589-g333b8329f1 (webtiles) character file.

Game seed: 12364696425794251449

2447 sanka the Agent of Entropy (level 9, 0/79 HPs)
             Began as a Palentonga Abyssal Knight on Oct 3, 2021.
             Was a Priest of Lugonu.
             Slain by Eustachio (6 damage)
             ... on level 6 of the Dungeon.
             The game lasted 00:11:20 (9560 turns).

sanka the Agent of Entropy (PaAK)                   Turns: 9560, Time: 00:11:21

Health: 0/79       AC: 17    Str: 18    XL:     9   Next: 25%
Magic:  24/24      EV:  8    Int:  8    God:    Lugonu [***...]
Gold:   261        SH:  0    Dex: 13    Spells: 8/8 levels left

rFire   . . .      SeeInvis +   y - +0 whip (elec)
rCold   . . .      Faith    +   (no shield)
rNeg    + . .      Spirit   .   p - +3 ring mail {rN+}
rPois   .          Reflect  .   (helmet restricted)
rElec   .          Harm     .   f - +1 cloak
rCorr   .          Rampage  .   (no gloves)
Will    .....                   (no barding)
Stlth   +.........              s - amulet of faith
HPRegen 0.23/turn               (no ring)
MPRegen 0.19/turn               m - ring of magical power

@: curled up
A: large, rugged brown scales 3, see invisible, deformed body, roll 1, armoured
tail, reflexive curl, beak, dopey 1, wild magic 1
a: Rolling Charge, Renounce Religion, Depart the Abyss, Bend Space, Banish


You were on level 6 of the Dungeon.
You worshipped Lugonu.
Lugonu was most pleased with you.
You visited 1 branch of the dungeon, and saw 6 of its levels.
You visited the Abyss 1 time.

You collected 261 gold pieces.


Innate Abilities, Weirdness & Mutations

You are completely covered in rugged brown scales. (AC +3, +7% HP)
You have supernaturally acute eyesight. (SInv)
Armour fits poorly on your strangely shaped body.
You can roll at nearby foes to attack.
You have a long armoured tail.
You curl defensively after being hit.
You have a beak for a mouth.
You are dopey. (Int -2)
Your spells are a little harder to cast, but a little more powerful.


   Skills:
 + Level 7.9 Fighting
 - Level 2.0 Axes
 - Level 1.5 Armour
 - Level 0.7 Dodging
 + Level 6.0 Shields
 - Level 8.0 Invocations


You had 8 spell levels left.
You didn't know any spells.
Your spell library contained the following spells:

 Spells                   Type           Power      Damage    Failure   Level
 Blink                    Tloc           N/A        N/A       82%         2
 Sublimation of Blood     Necr           0%         N/A       82%         2
 Ignite Poison            Fire/Tmut/Pois 0%         N/A       96%         3
 Lesser Beckoning         Tloc           0%         N/A       96%         3
 Mephitic Cloud           Conj/Pois/Air  0%         N/A       96%         3
 Petrify                  Tmut/Erth      0%         N/A       100%        4
 Freezing Cloud           Conj/Ice/Air   0%         6-21      100%        5
 Irradiate                Conj/Tmut      0%         3d14      100%        5
 Manifold Assault         Tloc           0%         N/A       100%        5

Inventory:

Hand Weapons
 a - a +1 hand axe
 b - a +0 long sword of electrocution
 w - a +2 quarterstaff of chaos
 y - a +0 whip of electrocution (weapon)
Armour
 d - a +0 leather armour
 f - a +1 cloak (worn)
 l - the +3 tower shield "Zistof" {rC++} rC: It greatly protects you from cold.
 p - a +3 ring mail of positive energy (worn)
Jewellery
 m - a ring of magical power (right hand)
 s - an amulet of faith (around neck)
Wands
 v - a wand of iceblast (9)
Scrolls
 e - a scroll of holy word {unknown}
 g - a scroll of noise {unknown}
 i - a scroll of brand weapon {unknown}
 k - a scroll of vulnerability {unknown}
 n - a scroll of blinking
 o - a scroll of amnesia
 t - a scroll of magic mapping {unknown}
 u - a scroll of enchant armour {unknown}
 x - a scroll of identify {@r1}
 z - a scroll of fear {unknown}
 A - a scroll of teleportation {unknown}
Potions
 c - a potion of invisibility {unknown}
 h - 3 potions of flight {unknown}
 j - 4 potions of haste {@q3}
 q - a potion of curing {@q1}
 r - a potion of brilliance {unknown}
 B - a potion of resistance

Dungeon Overview and Level Annotations

Branches:
Dungeon (6/15)             Temple (0/1) D:5

Altars:
Ashenzari
Hepliaklqana
Okawaru

Annotations:
D:4 Dowan, Duvessa
D:6 Eustachio; sn0wgr3's ghost, novice GrFi

▒...▒▒>..▒▒ ▒▒......▒ ▒...▒▒..▒▒
▒▒▒▒ ▒........ ▒▒...▒▒.▒▒
▒..▒▒▒.......
▒▒....▒..▒▒▒▒▒..........▒
▒▒.....[...▒▒......[....▒
....▒......▒▒.▒...▒.....▒
..▒.▒..........b.)......▒ )...
.............▒▒5.@o.....▒▒▒..▒ .
.▒▒.▒....▒..▒▒▒5Hb.).....:...▒▒▒.
....▒.†..▒▒...▒bb)▒▒▒▒▒..........
..................(▒ ▒..▒▒▒..@...
....▒................ ....▒......
....▒▒..............▒▒ ▒........
....(...........(...▒ ▒▒....▒..
....▒..................▒▒.....▒▒5
....^..................▒▒........
......................▒▒▒▒.......


You could see Eustachio, a white imp (summoned), an orc, an ufetubus (summoned)
and 4 bats.


Message History

You tail-slap Eustachio.
Eustachio is almost dead.
The bat hits you but does no damage. The bat hits you but does no damage.
The bat barely misses you. The ufetubus closely misses you.
The ufetubus hits you but does no damage.
Eustachio hits you with a +0 rapier.
* * * LOW HITPOINT WARNING * * *
The bat hits you but does no damage.
The orc hits you from afar with a +1 trident of protection.
* * * LOW HITPOINT WARNING * * *
The bat closely misses you.
The ufetubus hits you but does no damage.
The ufetubus hits you but does no damage.
The white imp gestures at you. The puff of frost misses you.
The puff of frost hits the orc!
The orc dies!
You miss Eustachio. Your peck misses Eustachio.
Eustachio is almost dead.
The bat hits you.
* * * LOW HITPOINT WARNING * * *
The bat hits you but does no damage. The bat barely misses you.
The ufetubus hits you but does no damage.
The ufetubus hits you but does no damage.
Eustachio hits you with a +0 rapier.
You die...

Action                   |  1- 3 |  4- 6 |  7- 9 || total
-------------------------+-------+-------+-------++-------
Melee: Hand axe          |    83 |   124 |    14 ||   221
       Tailslap          |     6 |    16 |    41 ||    63
       Unarmed           |       |     1 |       ||     1
       Peck              |       |    13 |    48 ||    61
       Long sword        |       |    40 |   203 ||   243
       Whip              |       |       |    52 ||    52
Invok: Banish            |       |       |     4 ||     4
 Abil: Rolling Charge    |    16 |     6 |     4 ||    26
  Use: Potion            |       |     5 |     3 ||     8
       Scroll            |       |       |     2 ||     2
Armor: Leather armour    |    37 |    56 |       ||    93
       Skin              |       |     4 |       ||     4
       Ring mail         |       |    34 |   235 ||   269
Dodge: Dodged            |    39 |   110 |   190 ||   339

Levels and vault maps discovered:
D:1:      psy_arrival_radial01, layout_loops_ring,
          chequers_ecumenical_altar_island, st_stairs_10
D:2:      layout_basic, serial_forest, infiniplex_forest_lined_4_way,
          infiniplex_forest_lined_corner, infiniplex_forest_clump_tiny,
          infiniplex_forest_lined_corner
D:3:      layout_basic, minmay_checkerbox, uniq_robin
D:4:      layout_rooms, gammafunk_temple_overflow_claw, uniq_sigmund,
          uniq_duvessa
D:5:      layout_basic, minmay_temple_entry_offerings, saegor_snake_ambush,
          uniq_grinder, uniq_menkaure, uniq_crazy_yiuf_cottage
D:6:      layout_cave_pools, nzn_wu_jian_contemplation, tgw_trog,
          gammafunk_ghost_grave, uniq_eustachio, uniq_blork_the_orc

Notes
Turn   | Place    | Note
-------+----------+-------------------------------------------
     0 | Abyss:1  | sanka the Palentonga Abyssal Knight began the quest for the
                  | Orb.
     0 | Abyss:1  | Reached XP level 1. HP: 19/19 MP: 2/2
    26 | D:1      | Escaped the Abyss
   329 | D:1      | Found a faded altar of an unknown god.
   402 | D:1      | Reached XP level 2. HP: 25/25 MP: 4/4
   406 | D:1      | Reached skill level 3 in Invocations
  1044 | D:2      | Reached XP level 3. HP: 31/31 MP: 5/5
  1085 | D:2      | Reached skill level 4 in Invocations
  1086 | D:2      | Reached ** piety under Lugonu
  1489 | D:2      | Reached XP level 4. HP: 30/37 MP: 7/7
  1595 | D:2      | HP: 2/37 [adder (4)]
  1760 | D:2      | Reached skill level 5 in Invocations
  2703 | D:3      | Noticed a centaur
  2721 | D:3      | Gained mutation: Your spells are a little harder to cast,
                  | but a little more powerful. [potion of mutation]
  2721 | D:3      | Gained mutation: You are dopey. (Int -2) [potion of
                  | mutation]
  2721 | D:3      | Gained mutation: You have a beak for a mouth. [potion of
                  | mutation]
  2721 | D:3      | HP: 2/37 [centaur (2)]
  2722 | D:3      | Identified a potion of resistance
  2725 | D:3      | Killed a centaur
  2726 | D:3      | Reached skill level 6 in Invocations
  2726 | D:3      | Reached XP level 5. HP: 4/43 MP: 9/9
  3458 | D:3      | Noticed Robin
  3543 | D:3      | Killed Robin
  4164 | D:4      | Reached XP level 6. HP: 50/50 MP: 11/11
  4235 | D:4      | Reached skill level 7 in Invocations
  4434 | D:4      | Identified the +3 tower shield "Zistof" {rC++}
  4489 | D:4      | Reached skill level 8 in Invocations
  4651 | D:4      | Noticed Sigmund
  4651 | D:4      | Identified a +1 robe of the Archmagi
  4651 | D:4      | Noticed Dowan
  4652 | D:4      | Noticed Duvessa
  5039 | D:4      | Killed Sigmund
  5040 | D:4      | Reached skill level 1 in Shields
  5040 | D:4      | Gained mutation: You curl defensively after being hit.
                  | [Palentonga growth]
  5040 | D:4      | Reached XP level 7. HP: 52/56 MP: 13/13
  5109 | D:4      | HP: 3/56 [Duvessa (5)]
  5452 | D:4      | Found a hazy altar of Hepliaklqana.
  5452 | D:4      | Found an iron altar of Okawaru.
  5452 | D:4      | Found a broken altar of Ashenzari.
  5463 | D:5      | Entered Level 5 of the Dungeon
  5502 | D:5      | Reached skill level 4 in Fighting
  5502 | D:5      | Reached skill level 2 in Shields
  5881 | D:5      | Found a staircase to the Ecumenical Temple.
  6174 | D:5      | Reached skill level 3 in Shields
  6213 | D:5      | Noticed Menkaure
  6220 | D:5      | Killed Menkaure
  6221 | D:5      | Reached skill level 5 in Fighting
  6221 | D:5      | Reached XP level 8. HP: 28/66 MP: 14/14
  6416 | D:5      | Noticed Grinder
  6417 | D:5      | Paralysed by Grinder for 3 turns
  6422 | D:5      | Paralysed by Grinder for 4 turns
  6430 | D:5      | Paralysed by Grinder for 7 turns
  6439 | D:5      | Killed Grinder
  6600 | D:5      | Reached skill level 4 in Shields
  6753 | D:5      | Reached skill level 6 in Fighting
  6753 | D:5      | Reached *** piety under Lugonu
  7065 | D:5      | Found a runed translucent door.
  7066 | D:5      | Noticed Crazy Yiuf
  7362 | D:5      | Killed Crazy Yiuf
  7639 | D:6      | Found a runed translucent door.
  7639 | D:6      | Noticed sn0wgr3's ghost (novice GrFi)
  7658 | D:6      | Reached skill level 5 in Shields
  7865 | D:6      | Reached skill level 7 in Fighting
  7886 | D:6      | HP: 2/71 [sn0wgr3's ghost (9)]
  8237 | D:6      | HP: 5/71 [sn0wgr3's ghost (7)]
  8781 | D:5      | Reached XP level 9. HP: 51/77 MP: 15/15
  9056 | D:6      | Noticed Eustachio
  9416 | D:6      | Noticed Blork the orc
  9427 | D:6      | Killed Blork the orc
  9545 | D:6      | Reached skill level 6 in Shields
  9557 | D:6      | HP: 6/79 [ufetubus[Eustachio] (3)]
  9560 | D:6      | Slain by Eustachio

Vanquished Creatures
  Grinder (D:5)
  Sigmund (D:4)
  Menkaure (D:5)
  An ice beast (D:5)
  2 black bears (D:6)
  An orc warrior (D:5)
  A sky beast (D:6)
  A necrophage (D:4)
  A centaur (D:3)
  4 phantoms
  Blork the orc (D:6)
  3 scorpions
  A wyvern skeleton (D:4)
  2 water moccasin zombies
  A centaur zombie (D:6)
  2 jellies
  2 orc priests
  A hound (D:6)
  Crazy Yiuf (D:5)
  A centaur skeleton (D:4)
  2 iguanas
  6 orc wizards
  Robin (D:3)
  14 adders
  A worm (D:5)
  A dart slug (D:1)
  11 orcs
  12 ball pythons
  7 endoplasms
  6 giant cockroaches
  12 goblins
  3 hobgoblins
  7 jackals
  8 kobolds
  3 quokkas
  4 bats
  A frilled lizard (D:3)
  2 rats
130 creatures vanquished.

Vanquished Creatures (others)
  An orc (D:6)
  A plant (D:2)
  A withered plant (D:6)
3 creatures vanquished.

Grand Total: 133 creatures vanquished
